 Dungeon Crawl Stone Soup version 0.30.1-11-g7821555f0a (webtiles) character file.

Game seed: 9620968688074161934

223 Peloso the Shield-Bearer (level 5, -5/47 HPs)
             Began as a Minotaur Fighter on Oct 31, 2023.
             Slain by Grinder (6 damage)
             ... on level 3 of the Dungeon.
             The game lasted 00:04:30 (2298 turns).

Peloso the Shield-Bearer (Minotaur Fighter)         Turns: 2298, Time: 00:04:31

Health: -5/47      AC:  7    Str: 20    XL:     5   Next: 66%
Magic:  4/4        EV:  9    Int:  5    God:
Gold:   130        SH:  5    Dex: 12    Spells: 4/4 levels left

rFire   . . .        a - +0 long sword
rCold   . . .        c - +0 buckler
rNeg    . . .        b - +0 scale mail
rPois   .            (helmet restricted)
rElec   .            (no cloak)
rCorr   .            (no gloves)
SInv    .            (no boots)
Will    .....        (no amulet) Stlth
                     (no ring)
HPRegen 0.27/turn    (no ring)
MPRegen 0.09/turn

%: no passive effects
@: no status effects
A: horns 2, retaliatory headbutt
a: no special abilities


You were on level 3 of the Dungeon.
You visited 1 branch of the dungeon, and saw 3 of its levels.

You collected 130 gold pieces.

Inventory:

Hand Weapons
 a - a +0 long sword (weapon)
Armour
 b - a +0 scale mail (worn)
 c - a +0 buckler (worn)
Wands
 j - a wand of polymorph (4)
Scrolls
 e - a scroll of immolation {unknown}
 f - 2 scrolls of amnesia {unknown}
 g - 3 scrolls of identify
 h - a scroll of noise {unknown}
 i - a scroll of poison {unknown}
 k - a scroll of teleportation {unknown}
Potions
 d - a potion of might


   Skills:
 + Level 4.6 Fighting
 + Level 4.5 Long Blades
 + Level 4.7 Armour
 + Level 1.2 Dodging
 + Level 0.2 Stealth
 + Level 4.8 Shields
 + Level 0.3 Unarmed Combat


You had 4 spell levels left.
You didn't know any spells.
Your spell library contained the following spells:

 Spells                   Type           Power      Damage    Failure   Level
 Shock                    Conj/Air       0%         1d3       87%         1
 Swiftness                Air            0%         N/A       99%         3
 Airstrike                Air            0%         2d(0-16)  100%        4


Dungeon Overview and Level Annotations

Branches:
Dungeon (3/15)

Altars:

Shops:
D:2 [   D:3 (=

Annotations:
D:3 Grinder


Innate Abilities, Weirdness & Mutations

You have a pair of horns on your head.
You reflexively headbutt those who attack you in melee.


Message History

You suddenly lose the ability to move!
Grinder blinks!
You can move again.
Okay, then.
Grinder gestures at you.
You barely resist. You hit Grinder. Your headbutt misses Grinder.
Grinder is lightly wounded.
Grinder hits you but does no damage.
Unknown command.
You hit Grinder but do no damage. Your headbutt misses Grinder.
Grinder is lightly wounded.
Grinder hits you! Grinder barely misses you.
You closely miss Grinder. You headbutt Grinder!
Grinder is heavily wounded.
Grinder hits you.
* * * LOW HITPOINT WARNING * * *
You hit Grinder.
Grinder is heavily wounded.
Grinder hits you but does no damage.
You slash Grinder! Your headbutt misses Grinder.
Grinder is almost dead.
Grinder gestures at you.
You suddenly lose the ability to move!
Grinder hits you.
* * * LOW HITPOINT WARNING * * *
You can move again.
Unknown command.
You closely miss Grinder.
Grinder is almost dead.
Grinder hits you.
* * * LOW HITPOINT WARNING * * *
Unknown command.
You completely miss Grinder.
Grinder is almost dead.
Grinder gestures at you.
You barely resist. Grinder hits you.
* * * LOW HITPOINT WARNING * * *
You writhe in agony.
You die...

#...... .# #.###.# .#
...##.###### .#
...........# .#
...##.####.######.#
#.###........))...######
#.# ######.####[........
#.# #.##...######## #.#
#)#....@5.# #.#
#.#..)#........ #.#
#.#..###..#.### #.#.#
#.# # #.#. .# #. .. #.
##


You could see Grinder.

Vanquished Creatures
  A hound (D:3)
  Natasha (thrice) (D:2)
  An orc wizard (D:3)
  3 adders (D:2)
  3 dart slugs
  3 orcs (D:3)
  An endoplasm (D:2)
  6 giant cockroaches
  3 goblins
  8 hobgoblins
  4 jackals (D:2)
  5 ball pythons
  5 bats
  4 frilled lizards
  7 kobolds
  6 rats
  A spectral goblin (D:1)
64 creatures vanquished.

Notes
Turn   | Place    | Note
-------+----------+-------------------------------------------
     0 | D:1      | Peloso the Minotaur Fighter began the quest for the Orb.
     0 | D:1      | Reached XP level 1. HP: 19/19 MP: 0/0
   309 | D:1      | Reached XP level 2. HP: 24/27 MP: 1/1
   752 | D:1      | Found a faded altar of an unknown god.
  1052 | D:2      | Reached XP level 3. HP: 32/33 MP: 2/2
  1242 | D:2      | Noticed Natasha
  1256 | D:2      | Killed Natasha
  1257 | D:2      | Reached XP level 4. HP: 31/40 MP: 3/3
  1354 | D:2      | Reached skill level 1 in Dodging
  1403 | D:2      | Found Pep Koir's Antique Armour Boutique.
  1500 | D:2      | Noticed Natasha
  1596 | D:2      | Killed Natasha
  1731 | D:2      | Noticed Natasha
  1742 | D:2      | Killed Natasha
  1743 | D:2      | Reached XP level 5. HP: 46/46 MP: 4/4
  2012 | D:3      | Found Riemn's Weapon Shoppe.
  2092 | D:3      | Found Baoco's Jewellery Boutique.
  2272 | D:3      | Noticed Grinder
  2288 | D:3      | Paralysed by Grinder for 2 turns
  2295 | D:3      | Paralysed by Grinder for 2 turns
  2298 | D:3      | HP: 1/47 [Grinder (5)]
  2298 | D:3      | Slain by Grinder

Illustrated notes

Levels and vault maps discovered:
D:1:      minmay_arrival_radiant_lines, layout_loops_corners,
          dreamdust_ecumenical_altar_drowned_temple
D:2:      layout_loops_ring, serial_shops, shop, minmay_heptomino_h4,
          uniq_natasha
D:3:      layout_loops_ring, serial_shops, nicolae_shop_advertising_works
          [nicolae_subvault_shop_adworks], nicolae_shop_bloodbath_and_beyond,
          uniq_ijyb, uniq_grinder

Skill      XL: |  1  2  3  4 |
---------------+-------------+-----
Shields        | 4 |  4.8
Armour         | 4 |  4.7
Fighting       | 4 |  4.6
Long Blades    | 3 4 |  4.5
Dodging        | 1 |  1.2
Stealth        | |  0.2
Unarmed Combat | |  0.3

Action                     |  1- 3 |  4- 6 || total
---------------------------+-------+-------++-------
  Melee: Long sword        |   100 |    67 ||   167
         Headbutt          |    15 |     9 ||    24
         Unarmed           |     5 |    12 ||    17
    Use: Potion            |     4 |       ||     4
         Scroll            |       |     1 ||     1
 Armour: Scale mail        |    48 |    42 ||    90
         Skin              |       |     1 ||     1
  Dodge: Dodged            |    48 |    42 ||    90
  Block: Buckler           |    17 |    27 ||    44
